 Dungeon Crawl Stone Soup version 0.24-a0-784-g601f8f6 (webtiles) character file.

Game seed: 5337000374262166103, levelgen mode: deterministic

180 Dorkslayer the Magician (level 5, -4/32 HPs)
             Began as an Octopode Wizard on Oct 8, 2019.
             Killed from afar by an orc wizard (5 damage)
             ... with a magic dart
             ... on level 4 of the Dungeon.
             The game lasted 00:14:42 (2192 turns).

Dorkslayer the Magician (Octopode Wizard)           Turns: 2192, Time: 00:14:43

Health: -4/32      AC:  3    Str:  7    XL:     5   Next: 60%
Magic:  5/11       EV: 28    Int: 20    God:
Gold:   174        SH:  0    Dex: 11    Spells: 3/12 levels left

rFire    . . .     SeeInvis .   h - +0 short sword
rCold    . . .     Gourm    .   (no shield)
rNeg     . . .     Faith    .   a - +2 hat
rPois    .         Spirit   .   g - amulet of the acrobat
rElec    .         Reflect  .   n - +4 ring of slaying
rCorr    .         Harm     .   (no ring)
MR       .....                  (no ring)
Stlth    +++.......             (no ring)
HPRegen  0.10/turn              (no ring)
MPRegen  0.12/turn              (no ring)
                                (no ring)
                                (no ring)

@: acrobat
A: almost no armour, stealthy swim, amphibious, 8 rings, constrict 8, camouflage
1, gelatinous body 1
a: no special abilities


You were on level 4 of the Dungeon.
You were not hungry.

You visited 1 branch of the dungeon, and saw 4 of its levels.

You collected 174 gold pieces.

Inventory:

Hand Weapons
 h - a +0 short sword (weapon)
 o - a +0 long sword
Missiles
 b - a throwing net (quivered)
 d - 2 boomerangs
Armour
 a - a +2 hat (worn)
Jewellery
 g - an amulet of the acrobat (around mantle)
 n - a +4 ring of slaying (left tentacle)
Scrolls
 e - 6 scrolls of remove curse
Potions
 f - a potion of curing
 i - 4 potions of haste
 l - a potion of berserk rage
Comestibles
 c - 8 rations
 m - 9 chunks of flesh


   Skills:
 + Level 0.9 Fighting
 + Level 1.7 Short Blades
   Level 0.1 Maces & Flails
 + Level 2.7 Dodging
 + Level 3.8 Stealth
 + Level 4.1 Spellcasting
 + Level 2.2 Conjurations
   Level 1.0 Summonings
 + Level 1.0 Translocations


You had 3 spell levels left.
You knew the following spells:

 Your Spells              Type           Power        Failure   Level  Hunger
a - Magic Dart            Conj           ##..         4%          1    None
b - Blink                 Tloc           N/A          13%         2    #......
c - Conjure Flame         Conj/Fire      #.......     24%         3    ###....
d - Mephitic Cloud        Conj/Pois/Air  #.......     28%         3    ###....

Your spell library contained the following spells:

 Spells                   Type           Power        Failure   Level  Hunger
 Call Imp                 Summ           #.......     13%         2    #......
 Slow                     Hex            #.......     19%         2    #......


Dungeon Overview and Level Annotations

Branches:
Dungeon (4/15)
 Temple: D:4-7

Altars:


Innate Abilities, Weirdness & Mutations

You cannot wear most types of armour.
You are very stealthy in the water. (Stealth+)
You are amphibious.
You can wear up to eight rings at the same time.
You can use your tentacles to constrict eight enemies at once.
Your skin changes colour to match your surroundings (Stealth+).
Your rubbery body absorbs attacks. (AC +1, EV +1)


Message History

You hit the adder.
The adder is heavily wounded.
You constrict the adder. The adder bites you.
The orc wizard casts a spell at you. The magic dart hits you!
* * * LOW HITPOINT WARNING * * *
Unknown command.
You hit the adder.
The adder is almost dead.
You constrict the adder. The adder bites you.
* * * LOW HITPOINT WARNING * * *
A frilled lizard comes into view.
The adder closely misses you.
You hit the adder.
You kill the adder!
A worker ant comes into view.
The orc wizard looks braver for a moment.
The orc wizard points at you and mumbles some strange words.
The magic dart hits you.
You die...

...... o≈w. ......#
≈≈≈≈≈≈#w..
.a....≈#≈l≈≈≈≈≈≈≈ .
.....≈≈≈≈o≈≈≈≈#≈≈≈.
......≈≈≈≈##≈≈≈≈#≈≈w
.....≈o≈≈≈≈≈≈≈≈≈≈≈≈≈
#..#≈≈≈.≈≈#≈≈≈≈≈≈≈≈
#..≈≈≈.≈≈≈...≈$..≈≈
....≈≈.@.%.<....8≈≈
#.#≈≈≈$!≈≈...≈≈.≈≈≈
#≈≈≈#≈≈≈≈≈≈≈≈≈≈≈≈
#..#≈≈≈≈≈≈≈≈≈≈#≈≈≈≈
## #.≈≈≈≈≈≈≈≈≈≈##≈.
#..#≈≈≈≈≈≈)≈≈≈≈≈≈#
#.###≈≈≈≈#≈≈≈≈≈≈##
#. ##.≈##)≈≈≈.##
#.##≈≈.≈≈##.#


You could see a worker ant (wandering), 2 orc wizards and a frilled lizard.

Vanquished Creatures
  A hound skeleton (D:4)
  7 adders
  2 oozes (D:2)
  An adder skeleton (D:4)
  3 worms
  7 dart slugs
  4 leopard geckos
  3 orcs
  A ball python (D:1)
  4 bats
  6 goblins
  12 hobgoblins
  A jackal (D:2)
  7 kobolds
  A quokka (D:2)
  2 frilled lizards
  7 rats
69 creatures vanquished.

Notes
Turn   | Place    | Note
-------+----------+-------------------------------------------
     0 | D:1      | Dorkslayer the Octopode Wizard began the quest for the Orb.
     0 | D:1      | Reached XP level 1. HP: 11/11 MP: 4/4
   172 | D:1      | Reached XP level 2. HP: 17/17 MP: 0/6
   577 | D:1      | Reached XP level 3. HP: 21/21 MP: 5/8
   581 | D:1      | Learned a level 2 spell: Blink
   585 | D:1      | Learned a level 3 spell: Conjure Flame
   589 | D:1      | Learned a level 3 spell: Mephitic Cloud
   987 | D:2      | Reached XP level 4. HP: 19/27 MP: 1/9
  1381 | D:2      | Reached skill level 1 in Short Blades
  1820 | D:3      | Reached XP level 5. HP: 30/32 MP: 5/10
  2056 | D:3      | Reached skill level 4 in Spellcasting
  2190 | D:4      | HP: 1/32 [adder (3)]
  2192 | D:4      | Killed from afar by an orc wizard

Levels and vault maps discovered:
D:1:      kennysheep_arrival_forest, layout_loops_ring, minmay_close_crescents
D:2:      layout_basic, grunt_ministairs_6, corexii_hall_statues_x
D:3:      layout_rooms
D:4:      kennysheep_slugbush, layout_rooms, gammafunk_temple_overflow_claw,
          portal_sewer_entry_a, hangedman_feature_mirror,
          mrwooster_statue_mirror, uniq_duvessa, uniq_eustachio, uniq_edmund

Skill      XL: |  1  2  3  4  5 |
---------------+----------------+-----
Stealth        | 3 |  3.8
Short Blades   | 1 |  1.7
Conjurations   | 2 |  2.2
Spellcasting   | 4 |  4.1
Fighting       | |  0.9
Maces & Flails | |  0.1
Dodging        | |  2.7
Summonings     | |  1.0
Translocations | |  1.0

Action                   |  1- 3 |  4- 6 || total
-------------------------+-------+-------++-------
Melee: Unarmed           |     5 |       ||     5
       Whip              |    19 |       ||    19
       Constrict         |    12 |    15 ||    27
       Tentacles         |     7 |    12 ||    19
       Short sword       |    39 |    71 ||   110
 Cast: Magic Dart        |    48 |    72 ||   120
  Use: Scroll            |     2 |     7 ||     9
 Stab: Sleeping          |     1 |     2 ||     3
  Eat: Chunk             |       |     4 ||     4
Armor: Skin              |     9 |     3 ||    12
Dodge: Dodged            |    44 |    43 ||    87

Table legend:
 A = Non-vault XP
 B = Vault XP
 C = Vault XP percentage of total XP
 D = Non-vault monster count
 E = Vault monster count
 F = Vault count percentage of total count
                 A         B        C        D         E       F
            +---------+---------+-------+---------+---------+-------
      Total |     210 |      48 |  18.6 |      55 |      14 |  20.3
            +---------+---------+-------+---------+---------+-------
        D:1 |      28 |      10 |  26.3 |      13 |       6 |  31.6
        D:2 |      89 |      15 |  14.4 |      23 |       2 |   8.0
        D:3 |      49 |       0 |   0.0 |      14 |       0 |   0.0
        D:4 |      44 |      23 |  34.3 |       5 |       6 |  54.5
            +---------+---------+-------+---------+---------+-------
